 Dungeon Crawl Stone Soup version 0.24-a0-447-ge8da9206dc (webtiles) character file.

Game seed: 11433395778281417988

40903 KristoblXynda the Carver (level 13, 0/113 HPs)
             Began as a Green Draconian Gladiator on June 25, 2019.
             Was an Initiate of Gozag.
             Slain by a two-headed ogre
             ... wielding a +0 great mace of flaming
              (2 damage)
             ... while paralysed by an ogre mage
             ... in a volcano.
             The game lasted 00:37:46 (21079 turns).

KristoblXynda the Carver (DrGl)                    Turns: 21079, Time: 00:37:46

Health: 0/113      AC: 13    Str: 16    XL:     13   Next: 77%
Magic:  0/25       EV:  2    Int: 14    God:    Gozag
Gold:   1839       SH:  0    Dex: 13    Spells: 21/28 levels left

rFire    + + .     SeeInvis +   I - +6 demon blade "Anwuuliu" {venom, rF++}
rCold    . . .     Gourm    .   y - +0 shield
rNeg     . . .     Faith    .   (armour unavailable)
rPois    +         Spirit   +   b - +1 hat
rElec    .         Reflect  .   F - scarf {Spirit}
rCorr    .         Harm     .   a - +3 pair of gauntlets of War {Slay+5}
MR       .....                  (no boots)
Stlth    +.........             (no amulet)
HPRegen  0.28/turn              p - ring of wizardry
MPRegen  0.19/turn              j - ring of see invisible

@: paralysed, gold aura, slowed
A: breathe noxious fumes, unfitting armour, poison resistance, cold-blooded, AC
+8
a: Breathe Noxious Fumes, Potion Petition, Call Merchant, Bribe Branch, Renounce
Religion


You were in a volcano.
You worshipped Gozag.
Gozag was most pleased with you.
You were not hungry.

You visited 2 branches of the dungeon, and saw 15 of its levels.
You also visited: Gauntlet, Ice Cave and Volcano.

You collected 3869 gold pieces.
You spent 2011 gold pieces at shops.
You paid 19 gold pieces to Gozag.

Inventory:

Hand Weapons
 A - a +4 scimitar of flaming
 I - the +6 demon blade "Anwuuliu" (weapon) {venom, rF++}
   (You bought it in a shop on level 12 of the Dungeon)

   It poisons the flesh of those it strikes.
   It greatly protects you from fire.
Missiles
 c - 4 throwing nets (quivered)
Armour
 a - the +3 pair of gauntlets of War (worn) {Slay+5}
   (You found it in a Gauntlet)

   It affects your accuracy and damage with ranged weapons and melee attacks
   (+5).
 b - a +1 hat (worn)
 y - a +0 shield (worn)
 F - a scarf of spirit shield (worn)
Magical Staves
 q - an uncursed staff of energy
Jewellery
 j - a ring of see invisible (right hand)
 o - an uncursed ring of positive energy
 p - a ring of wizardry (left hand)
 r - an uncursed ring of magical power
Wands
 e - a wand of digging (11)
 l - a wand of paralysis (11)
 m - a wand of iceblast (14)
 n - a wand of scattershot (4)
 C - a wand of acid (3)
Scrolls
 f - 4 scrolls of teleportation
 h - 4 scrolls of fog
 z - 2 scrolls of immolation
 D - a scroll of blinking
 K - a scroll of fear
 L - a scroll of noise {unknown}
 M - a scroll of remove curse
Potions
 g - 4 potions of flight
 i - 3 potions of agility
 k - 4 potions of haste
 s - 2 potions of lignification
 t - 2 potions of heal wounds
 u - 5 potions of curing
 v - 5 potions of mutation
 w - a potion of invisibility
 x - a potion of resistance {unknown}
 B - a potion of cancellation
 G - a potion of brilliance
 H - a potion of magic
Miscellaneous
 E - a phial of floods
 J - a lamp of fire (inert)
Comestibles
 d - 4 rations


   Skills:
 - Level 10.0 Fighting
 + Level 12.9 Long Blades
 - Level 2.0 Throwing
 + Level 10.0 Dodging
 + Level 7.4 Shields
 + Level 8.0 Spellcasting
 + Level 3.6 Poison Magic
 - Level 10.0 Evocations


You had 21 spell levels left.
You knew the following spells:

 Your Spells              Type           Power        Failure   Level  Hunger
a - Petrify               Tmut/Erth      #.......     75%         4    ####...
b - Mephitic Cloud        Conj/Pois/Air  #.......     24%         3    ##.....

Your spell library contained the following spells:

 Spells                   Type           Power        Failure   Level  Hunger
 Animate Skeleton         Necr           N/A          13%         1    None
 Beastly Appendage        Tmut           #.....       13%         1    None
 Confusing Touch          Hex            #.....       13%         1    None
 Flame Tongue             Conj/Fire      #....        13%         1    None
 Magic Dart               Conj           #...         13%         1    None
 Pain                     Necr           #...         13%         1    None
 Spider Form              Tmut/Pois      ##........   19%         3    ##.....
 Blink                    Tloc           N/A          21%         2    None
 Call Imp                 Summ           #.......     21%         2    None
 Slow                     Hex            #.......     21%         2    None
 Sticks to Snakes         Tmut           #.......     21%         2    None
 Confuse                  Hex            #.......     36%         3    ##.....
 Conjure Flame            Conj/Fire      #.......     36%         3    ##.....
 Gell's Gravitas          Tloc           #.........   36%         3    ##.....
 Regeneration             Chrm/Necr      #.........   36%         3    ##.....
 Vampiric Draining        Necr           #.........   36%         3    ##.....
 Animate Dead             Necr           N/A          75%         4    ####...
 Cause Fear               Hex            #.........   75%         4    ####...
 Ice Form                 Ice/Tmut       #.......     75%         4    ####...
 Blade Hands              Tmut           #.........   97%         5    #####..
 Metabolic Englaciation   Hex/Ice        #.........   97%         5    #####..
 Yara's Violent Unravell  Hex/Tmut       #.........   97%         5    #####..
 Bolt of Cold             Conj/Ice       #.........   100%        6    #######
 Bolt of Fire             Conj/Fire      #.........   100%        6    #######
 Freezing Cloud           Conj/Ice/Air   #.........   100%        6    #######
 Ozocubu's Refrigeration  Ice            #.........   100%        6    #######
 Simulacrum               Ice/Necr       #.........   100%        6    #######
 Dragon Form              Tmut           #.........   100%        7    #######
 Dragon's Call            Summ           #.........   100%        9    #######


Dungeon Overview and Level Annotations

Branches:
Dungeon (12/15)            Temple (0/1) D:4            Lair (3/6) D:11
 Spider (0/4) Lair:2          Orc (0/2) D:9
  Swamp: Lair:2-4    Shoals: Lair:2-4

Altars:
Ashenzari
Dithmenos
Fedhas
Gozag
Hepliaklqana
Makhleb
Okawaru
Vehumet
Wu Jian
Xom

Shops:
D:4 (   D:6 *   D:11 *   D:12 }:(

Annotations:
D:3 3 runed translucent doors, emperorscorpion's ghost, amateur DDBe
D:8 3 runed translucent doors, emperorscorpion's ghost, novice DDBe
D:12 Frances


Innate Abilities, Weirdness & Mutations

You can breathe blasts of noxious fumes.
Your lurid green scales are hard. (AC +8)
You cannot fit into any form of body armour.
Your system is resistant to poisons. (rPois)
You are cold-blooded and may be slowed by cold attacks.


Message History

The hell knight seems to speed up.
The two-headed ogre hits you with a +0 great mace of flaming!
* * * LOW HITPOINT WARNING * * *
The two-headed ogre burns you.
* * * LOW HITPOINT WARNING * * *
The two-headed ogre hits you with a +0 giant club of flaming.
* * * LOW HITPOINT WARNING * * *
The ogre mage points at you and mumbles some strange words.
You shrug off the repeated paralysis!
The ogre mage hits you with a +2 whip of flaming!
* * * LOW HITPOINT WARNING * * *
The ogre mage burns you.
* * * LOW HITPOINT WARNING * * *
The two-headed ogre hits you with a +0 great mace of flaming.
* * * LOW HITPOINT WARNING * * *
The two-headed ogre hits you with a +0 giant club of flaming!
* * * LOW HITPOINT WARNING * * *
The two-headed ogre burns you.
You die...
Your body crumbles into a pile of gold.

+.$.!. ..# ≈≈
+.._..+..##≈≈≈
#.....#...#≈≈≈
#######.O.#§≈≈
+!).[!'...#§§≈
#..≈..#...#≈≈≈
#8≈≈≈8#O..#
+..≈..@O.#
+..°°.$..# ≈#
#8.°.8#.##≈
§≈###°°...###≈≈
§≈≈°°°°°..≈§§§≈
§≈≈°≈8...8≈≈§≈#
§§≈°°.°°°°≈≈###
#≈≈○.....≈≈#
#≈≈≈8...8≈##


You could see 2 two-headed ogres and an ogre mage.

Vanquished Creatures
  Gastronok (Lair:1)
  A frost giant (IceCv)
  A minotaur (Gauntlet)
  A death ooze (Gauntlet)
  Erolcha (D:11)
  Harold (D:8)
  3 hydras (Lair:2)
  Erica (D:8)
  5 death yaks (Gauntlet)
  4 two-headed ogres
  Sonja (Lair:2)
  An unseen horror (D:12)
  A necromancer (Gauntlet)
  An ugly thing (D:12)
  3 manticores (D:11)
  An ice statue (IceCv)
  Psyche (D:10)
  8 spiny frogs
  2 minotaur zombies (Gauntlet)
  2 ice devils (Lair:2)
  4 komodo dragons
  A troll (D:12)
  11 polar bears (IceCv)
  Grinder (D:4)
  A hornet (Lair:2)
  8 hippogriffs
  6 flying skulls (Gauntlet)
  A wraith (D:11)
  Eustachio (D:4)
  3 wyverns (D:11)
  13 yaks
  A basilisk (Lair:2)
  3 fire bats (Lair:2)
  A hungry ghost (D:10)
  A steam dragon (D:9)
  Menkaure (D:6)
  Edmund (D:4)
  Duvessa (D:4)
  2 porcupines (Lair:2)
  11 sky beasts
  8 water moccasins
  4 orc warriors
  A swamp drake (D:11)
  5 ice beasts
  3 phantoms
  3 necrophages (D:9)
  13 wolves
  7 ogres
  3 crocodiles
  10 centaurs
  5 big kobolds
  Blork the orc (D:4)
  7 bullfrogs
  A gnoll sergeant (D:8)
  Dowan (D:4)
  8 killer bees (D:10)
  7 scorpions
  3 wights (D:9)
  An electric eel (Lair:1)
  3 bullfrog zombies
  8 crimson imps
  A centaur zombie (D:9)
  A hound (D:4)
  A quasit (D:9)
  4 orc priests
  Crazy Yiuf (D:6)
  3 jellies
  2 bullfrog skeletons
  4 centaur skeletons
  3 iguanas
  4 orc wizards
  15 worker ants
  2 hound zombies
  A mummy (D:9)
  2 worker ant zombies
  3 gnolls (D:8)
  A howler monkey skeleton (D:6)
  4 adders
  3 shadow imps
  An ooze (D:1)
  2 adder zombies
  7 worms
  6 leopard geckos
  42 orcs
  5 giant cockroaches
  6 goblins
  5 hobgoblins
  10 jackals
  31 kobolds
  7 quokkas
  2 ball pythons
  6 bats
  6 frilled lizards
  A leopard gecko zombie (D:5)
  2 quokka zombies
  5 rats
  2 fungi (D:6)
  A plant (Lair:1)
416 creatures vanquished.

Vanquished Creatures (collateral kills)
  An ugly thing (D:11)
1 creature vanquished.

Vanquished Creatures (others)
  A killer bee (D:10)
  A howler monkey (D:4)
  An orc (D:11)
  A fungus (Lair:2)
  A plant (Lair:1)
  A withered plant (Gauntlet)
6 creatures vanquished.

Grand Total: 423 creatures vanquished

Notes
Turn   | Place    | Note
-------+----------+-------------------------------------------
     0 | D:1      | KristoblXynda the Draconian Gladiator began the quest for
                  | the Orb.
     0 | D:1      | Reached XP level 1. HP: 17/17 MP: 1/1
    40 | D:1      | Reached XP level 2. HP: 12/25 MP: 2/2
   815 | D:2      | Reached XP level 3. HP: 23/30 MP: 3/3
  1696 | D:3      | Found a shattered altar of Ashenzari.
  1696 | D:3      | Found an opulent altar of Gozag.
  1696 | D:3      | Found a hazy altar of Hepliaklqana.
  1696 | D:3      | Found a shadowy altar of Dithmenos.
  1717 | D:3      | Became a worshipper of Gozag Ym Sagoz the Greedy
  1722 | D:3      | Found a radiant altar of Vehumet.
  1726 | D:3      | Found a blossoming altar of Fedhas.
  1776 | D:3      | Reached skill level 4 in Long Blades
  1776 | D:3      | Reached XP level 4. HP: 23/38 MP: 4/4
  2014 | D:3      | Found a runed translucent gate.
  2014 | D:3      | Found a runed translucent gate.
  2014 | D:3      | Noticed emperorscorpion's ghost (amateur DDBe)
  2030 | D:3      | Found a runed translucent gate.
  2752 | D:4      | Noticed Edmund
  2791 | D:4      | Reached XP level 5. HP: 22/45 MP: 5/5
  2815 | D:4      | HP: 1/45 [Edmund/+2 dire flail of pain (2)]
  2823 | D:4      | Killed Edmund
  2823 | D:4      | Reached skill level 5 in Long Blades
  2823 | D:4      | Reached XP level 6. HP: 20/52 MP: 6/6
  2836 | D:4      | HP: 2/52 [poisoned by a scorpion]
  2843 | D:4      | HP: 1/52 [poisoned by a scorpion]
  2851 | D:4      | HP: 1/52 [poisoned by a scorpion]
  3165 | D:4      | Found an iron altar of Okawaru.
  3238 | D:4      | Noticed Grinder
  3238 | D:4      | Paralysed by Grinder for 5 turns
  3253 | D:4      | Paralysed by Grinder for 4 turns
  3421 | D:4      | Reached skill level 1 in Evocations
  3575 | D:4      | Found Lunimagi's Antique Weapon Shoppe.
  3575 | D:4      | Noticed Blork the orc
  3605 | D:4      | Killed Blork the orc
  3605 | D:4      | Your scales start taking on a lurid green colour.
  3605 | D:4      | Reached XP level 7. HP: 33/60 MP: 7/7
  3605 | D:4      | Gained mutation: Your system is resistant to poisons.
                  | (rPois) [Green Draconian growth]
  3769 | D:4      | Found a staircase to the Ecumenical Temple.
  3786 | D:4      | Noticed Duvessa
  3786 | D:4      | Noticed Dowan
  3788 | D:4      | Killed Dowan
  3788 | D:4      | Reached skill level 6 in Long Blades
  3803 | D:4      | Killed Duvessa
  4061 | D:4      | Noticed Eustachio
  4075 | D:4      | Killed Grinder
  4075 | D:4      | Reached skill level 5 in Fighting
  4079 | D:4      | Killed Eustachio
  4079 | D:4      | Reached XP level 8. HP: 21/68 MP: 10/10
  4112 | D:4      | Got an ichor-stained long sword
  4113 | D:4      | Identified the cursed +1 long sword of Nelen {antimagic,
                  | rC+} (You found it on level 4 of the Dungeon)
  4743 | D:5      | Entered Level 5 of the Dungeon
  4766 | D:5      | Reached skill level 7 in Long Blades
  4881 | D:5      | Reached skill level 5 in Dodging
  5837 | D:6      | Found Kabiell's Assorted Antiques.
  5952 | D:6      | Reached skill level 8 in Long Blades
  6200 | D:7      | Noticed a hippogriff
  6210 | D:7      | Killed a hippogriff
  6210 | D:7      | Reached XP level 9. HP: 65/75 MP: 4/12
  6768 | D:6      | Noticed Menkaure
  6778 | D:6      | Killed Menkaure
  7055 | D:6      | Bought a hardcover book for 405 gold pieces
  7127 | D:6      | Learned a level 4 spell: Petrify
  7155 | D:6      | Found a runed translucent door.
  7156 | D:6      | Noticed Crazy Yiuf
  7174 | D:6      | Killed Crazy Yiuf
  7791 | D:7      | Found a shimmering altar of Xom.
  7804 | D:7      | Paralysed by a crimson imp for 6 turns
  7810 | D:7      | Found a burning altar of Makhleb.
  8378 | D:7      | Found an ornate altar of the Wu Jian Council.
  8430 | D:7      | Reached skill level 9 in Long Blades
  8485 | D:8      | Reached skill level 5 in Evocations
  8540 | D:8      | Noticed Erica
  8569 | D:8      | Killed Erica
  8569 | D:8      | Reached XP level 10. HP: 39/86 MP: 4/14
  8753 | D:8      | Reached skill level 10 in Long Blades
  8834 | D:8      | Found a runed translucent gate.
  8834 | D:8      | Found a runed translucent gate.
  8835 | D:8      | Found a runed translucent gate.
  8839 | D:8      | Noticed emperorscorpion's ghost (novice DDBe)
  8948 | D:8      | Noticed Harold
  8965 | D:8      | Killed Harold
  8965 | D:8      | Reached skill level 1 in Spellcasting
  9827 | D:9      | Found a staircase to the Orcish Mines.
 10185 | D:9      | Noticed a two-headed ogre
 10203 | D:9      | Killed a two-headed ogre
 11052 | D:9      | Reached XP level 11. HP: 90/93 MP: 16/16
 11424 | D:9      | Noticed a two-headed ogre
 11439 | D:9      | Killed a two-headed ogre
 11690 | D:10     | Entered Level 10 of the Dungeon
 11870 | D:10     | Noticed Psyche
 11886 | D:10     | Killed Psyche
 12380 | D:10     | Reached skill level 11 in Long Blades
 12549 | D:10     | Noticed a two-headed ogre
 12560 | D:10     | Killed a two-headed ogre
 12560 | D:10     | Reached skill level 1 in Shields
 13129 | D:11     | HP: 3/97 [komodo dragon (25)]
 13704 | D:11     | Found a staircase to the Lair.
 13770 | D:11     | Noticed a brown ugly thing
 13771 | D:11     | Found Diugo's Assorted Antiques.
 13803 | D:11     | HP: 3/99 [manticore (18)]
 14200 | D:11     | Reached skill level 5 in Spellcasting
 14340 | D:11     | Reached skill level 10 in Fighting
 14467 | D:11     | Killed a brown ugly thing
 14467 | D:11     | Reached XP level 12. HP: 100/106 MP: 19/19
 14618 | D:11     | You fall into a shaft and drop 1 floor!
 14635 | D:12     | Found Umiok's Antique Weapon Shoppe.
 14656 | D:12     | Bought an ichor-stained demon blade for 680 gold pieces
 14657 | D:12     | Identified the +6 demon blade "Anwuuliu" {venom, rF++} (You
                  | bought it in a shop on level 12 of the Dungeon)
 14707 | D:11     | Bought a potion of curing for 87 gold pieces
 14707 | D:11     | Bought a scroll of identify for 58 gold pieces
 14707 | D:11     | Bought a scroll of teleportation for 87 gold pieces
 14707 | D:11     | Bought 2 potions of lignification for 174 gold pieces
 14753 | D:11     | Noticed Erolcha
 14759 | D:11     | Killed Erolcha
 15286 | D:12     | Found Wiupetusk's Book Emporium.
 15302 | D:12     | Found Orociuck's Gadget Shoppe.
 15304 | D:12     | Noticed Frances
 15315 | D:12     | Bought a lamp of fire for 520 gold pieces
 15373 | Lair:1   | Entered Level 1 of the Lair of Beasts
 15617 | Lair:1   | Noticed Gastronok
 15633 | Lair:1   | Killed Gastronok
 15680 | Lair:1   | Found a gate leading to a gauntlet.
 15697 | Gauntlet | Entered a Gauntlet
 15697 | Gauntlet | Found a transporter.
 15980 | Gauntlet | Found a transporter.
 15982 | Gauntlet | Found a transporter.
 15995 | Gauntlet | Found a transporter.
 15997 | Gauntlet | Found a transporter.
 16004 | Gauntlet | Found a transporter.
 16013 | Gauntlet | Noticed a reaper
 16018 | Gauntlet | Found a runed translucent door.
 16020 | Gauntlet | Found a transporter.
 16021 | Gauntlet | Noticed a death yak
 16022 | Gauntlet | Found the +3 pair of gauntlets of War {Slay+5}
 16022 | Gauntlet | Found a runed translucent door.
 16022 | Gauntlet | Noticed a death yak
 16023 | Gauntlet | Noticed a death yak
 16023 | Gauntlet | Noticed a death yak
 16023 | Gauntlet | Noticed a death yak
 16030 | Gauntlet | Found a transporter.
 16037 | Gauntlet | Noticed a death scarab
 16040 | Gauntlet | Found a transporter.
 16043 | Gauntlet | Noticed a death scarab
 16054 | Gauntlet | Found a transporter.
 16063 | Gauntlet | Found a transporter.
 16066 | Gauntlet | Found a transporter.
 16127 | Gauntlet | Reached skill level 5 in Shields
 16178 | Gauntlet | Reached skill level 12 in Long Blades
 16400 | Gauntlet | Noticed a death ooze
 16400 | Gauntlet | Found a transporter.
 16407 | Gauntlet | Killed a death ooze
 16454 | Gauntlet | Killed a death yak
 16468 | Gauntlet | Killed a death yak
 16475 | Gauntlet | Killed a death yak
 16478 | Gauntlet | Killed a death yak
 16523 | Gauntlet | Killed a death yak
 16816 | Gauntlet | Noticed a minotaur
 16824 | Gauntlet | Killed a minotaur
 16824 | Gauntlet | Reached XP level 13. HP: 54/113 MP: 11/23
 16917 | Gauntlet | Learned a level 3 spell: Mephitic Cloud
 17961 | Lair:2   | Found a frozen archway.
 18165 | IceCv    | Entered an ice cave
 18397 | IceCv    | HP: 4/113 [something] (17)]
 18724 | IceCv    | Reached skill level 10 in Evocations
 19328 | IceCv    | Noticed a frost giant
 19346 | IceCv    | Killed a frost giant
 19346 | IceCv    | Reached skill level 1 in Poison Magic
 20079 | Lair:2   | Found a hole to the Spider Nest.
 20249 | Lair:2   | Noticed Sonja
 20256 | Lair:2   | Killed Sonja
 20749 | Lair:2   | Reached skill level 10 in Dodging
 20977 | Lair:3   | Found a dark tunnel.
 21043 | Volcano  | Entered a volcano
 21062 | Volcano  | Found a radiant altar of Vehumet.
 21073 | Volcano  | Paralysed by an ogre mage for 7 turns
 21079 | Volcano  | HP: 2/113 [two-headed ogre/+0 great mace of flaming (14)]
 21079 | Volcano  | Slain by a two-headed ogre

Levels and vault maps discovered:
D:1:      kennysheep_arrival_forest, layout_rooms, nrook_campfire
D:2:      layout_basic
D:3:      layout_loops_ring, minmay_overflow_temple_hex, first_ration,
          gammafunk_ghost_split, kennysheep_generic_room_12
D:4:      layout_loops_ring, okawaru_metal_pillars_1_2,
          minmay_temple_entry_from_below_a, serial_shops, nicolae_shop_crystal,
          corner_web_ring, lemuel_flame_loot_1, uniq_duvessa, uniq_eustachio,
          uniq_grinder, uniq_edmund, uniq_blork_the_orc
D:5:      layout_gridville
D:6:      layout_cave_pools, serial_shops, nicolae_shop_waterfront,
          uniq_crazy_yiuf_cottage, uniq_menkaure
D:7:      layout_basic, grunt_temple_overflow_champion_of_chaos,
          kennysheep_little_box
D:8:      minmay_angry_zag, layout_cave_pools, gammafunk_ghost_spectres,
          uniq_erica, uniq_harold
D:9:      minmay_clustersquares, layout_loops_ring, david_orc_2, serial_undead,
          serial_undead_a, serial_undead_b, serial_undead_f, serial_undead_e
D:10:     layout_loops_ring, uniq_psyche
D:11:     layout_layer_cave, erik_lair_dragon, serial_shops, shop, uniq_erolcha
D:12:     layout_cave_pools, serial_shops, shop, nicolae_shop_trees,
          shop_statue, shop, uniq_frances
Lair:1:   layout_cave_shapes, gauntlet_entry_generic, serial_bayou_shore_a,
          infiniplex_staircase_pool, lemuel_fruit_tree, lemuel_fruit_fields,
          uniq_gastronok
Lair:2:   layout_gridlike, nicolae_spider_entry_non_spiders,
          portal_ice_cave_demonic_guard, guppyfry_lair_drakes, uniq_sonja
Lair:3:   layout_roguey, palyth_hydra_swamp_entry, enter_volcano_2
Volcano:  kennysheep_volcano_temple

Skill      XL: |  1  2  3  4  5  6  7  8  9 10 11 12 13 |
---------------+----------------------------------------+-----
Throwing       | 2 |  2.0
Dodging        | 3 4 5 6 7 8 9 10 | 10.0
Fighting       | 3 4 5 6 7 8 10 | 10.0
Long Blades    | 4 5 6 8 9 10 11 12 | 12.9
Evocations     | 1 2 4 5 6 8 9 10 | 10.0
Spellcasting   | 3 5 6 8 |  8.0
Shields        | 3 5 7 |  7.4
Poison Magic   | 3 |  3.6

Action                   |  1- 3 |  4- 6 |  7- 9 | 10-12 | 13-15 || total
-------------------------+-------+-------+-------+-------+-------++-------
Melee: Long sword        |    97 |   190 |   358 |     7 |       ||   652
       Tailslap          |     6 |    33 |    65 |    93 |    55 ||   252
       Unarmed           |       |       |     6 |       |       ||     6
       Scimitar          |       |       |       |   485 |    47 ||   532
       Demon blade       |       |       |       |   191 |   208 ||   399
 Abil: Breathe Noxious F |       |       |    10 |    12 |       ||    22
Evoke: Wand              |       |       |     5 |     6 |     3 ||    14
       Phial of floods   |       |       |       |     1 |       ||     1
       Lamp of fire      |       |       |       |     1 |     1 ||     2
  Use: Scroll            |       |     6 |     8 |    23 |     3 ||    40
       Potion            |       |     5 |     2 |     9 |     3 ||    19
 Stab: Distracted        |       |     1 |     1 |     1 |     2 ||     5
       Confused          |       |       |    10 |    11 |       ||    21
       Paralysed         |       |       |     4 |       |     3 ||     7
       Sleeping          |       |       |     2 |       |     1 ||     3
  Eat: Chunk             |     2 |       |       |       |       ||     2
       Ration            |       |     2 |     6 |     9 |     4 ||    21
Armor: Skin              |    27 |    44 |   133 |   142 |    87 ||   433
Dodge: Dodged            |    76 |    98 |   243 |   401 |   158 ||   976
Block: Shield            |       |       |       |    53 |   150 ||   203
       Rpst.: Long sword |    28 |    34 |    65 |     1 |       ||   128
       Scimitar          |       |       |       |    92 |     6 ||    98
       Demon blade       |       |       |       |    22 |    19 ||    41

Table legend:
 A = Non-vault XP
 B = Vault XP
 C = Vault XP percentage of total XP
 D = Non-vault monster count
 E = Vault monster count
 F = Vault count percentage of total count
                 A         B        C        D         E       F
            +---------+---------+-------+---------+---------+-------
      Total |   27096 |   31337 |  53.6 |     305 |     111 |  26.7
            +---------+---------+-------+---------+---------+-------
        D:1 |      37 |       0 |   0.0 |      21 |       0 |   0.0
        D:2 |      29 |       0 |   0.0 |       8 |       0 |   0.0
        D:3 |     117 |       4 |   3.3 |      29 |       2 |   6.5
        D:4 |     404 |     951 |  70.2 |      16 |       6 |  27.3
        D:5 |     793 |       0 |   0.0 |      22 |       0 |   0.0
        D:6 |     738 |     214 |  22.5 |      19 |       2 |   9.5
        D:7 |     595 |      50 |   7.8 |       9 |       1 |  10.0
        D:8 |     999 |    2318 |  69.9 |      17 |       9 |  34.6
        D:9 |    3173 |    2541 |  44.5 |      34 |      25 |  42.4
       D:10 |    2931 |     388 |  11.7 |      33 |       1 |   2.9
       D:11 |    5115 |    2186 |  29.9 |      48 |       6 |  11.1
       D:12 |    2094 |       0 |   0.0 |      12 |       0 |   0.0
     Lair:1 |    3201 |    2161 |  40.3 |      11 |       1 |   8.3
     Lair:2 |    6373 |    2736 |  30.0 |      23 |      13 |  36.1
     Lair:3 |     497 |       0 |   0.0 |       3 |       0 |   0.0
      IceCv |       0 |    7662 | 100.0 |       0 |      28 | 100.0
    Volcano |       0 |     888 | 100.0 |       0 |       1 | 100.0
   Gauntlet |       0 |    9238 | 100.0 |       0 |      16 | 100.0
            +---------+---------+-------+---------+---------+-------
